 Dungeon Crawl Stone Soup version 0.28.0-53-g5a82cb258f (webtiles) character file.

Game seed: 14851083370550503335

186 firemarshallily the Skirmisher (level 5, 0/38 HPs)
             Began as an Octopode Berserker on July 2, 2022.
             Was a Believer of Trog.
             Slain by an orc wizard
             ... wielding a +0 dagger
              (4 damage)
             ... on level 3 of the Dungeon.
             The game lasted 00:05:54 (2571 turns).

firemarshallily the Skirmisher (Octopode Berserker) Turns: 2571, Time: 00:05:55

Health: 0/38       AC:  1    Str: 18    XL:     5   Next: 65%
Magic:  6/6        EV: 14    Int: 15    God:    Trog [**....]
Gold:   95         SH:  0    Dex: 12    Spells: 4/4 levels left

rFire   . . .      SeeInvis .   a - +0 hand axe (drain)
rCold   . . .      Faith    .   (no shield)
rNeg    . . .      Spirit   .   (helmet restricted)
rPois   .          Reflect  .   (no amulet)
rElec   .          Harm     .   h - ring of willpower
rCorr   .          Rampage  .   g - +6 ring of intelligence
Will    +....                   (no ring)
Stlth   ++........              (no ring)
HPRegen 0.12/turn               (no ring)
MPRegen 0.10/turn               (no ring)
                                (no ring)
                                (no ring)

@: no status effects
A: almost no armour, amphibious, 8 rings, camouflage 1, gelatinous body 1,
(nimble swimmer 1), tentacles
a: Renounce Religion, Berserk, Trog's Hand


You were on level 3 of the Dungeon.
You worshipped Trog.
Trog was pleased with you.
You visited 1 branch of the dungeon, and saw 3 of its levels.

You collected 95 gold pieces.

Inventory:

Hand Weapons
 a - a +0 hand axe of draining (weapon)
Missiles
 d - 37 stones (quivered)
Jewellery
 g - a +6 ring of intelligence (right tentacle)
 h - a ring of willpower (left tentacle)
Scrolls
 c - a scroll of amnesia {unknown}
 e - 2 scrolls of fog
Potions
 b - 3 potions of curing
 f - a potion of berserk rage {unknown}
 i - a potion of attraction {unknown}


   Skills:
 * Level 4.3 Fighting
 * Level 4.2 Axes
 + Level 3.7 Dodging
 + Level 1.7 Invocations


You had 4 spell levels left.
You didn't know any spells.
Your spell library contained the following spells:

 Spells                   Type           Power      Damage    Failure   Level
 Borgnjor's Revivificati  Necr           0%         N/A       100%        8
 Necromutation            Tmut/Necr      0%         N/A       100%        8
 Death's Door             Necr           0%         N/A       100%        9


Dungeon Overview and Level Annotations

Branches:
Dungeon (3/15)

Altars:
Ashenzari
The Shining One


Innate Abilities, Weirdness & Mutations

You cannot wear most types of armour.
You are amphibious.
You can wear up to eight rings at the same time.
Your skin changes colour to match your surroundings (Stealth+).
Your rubbery body absorbs attacks. (AC +1, EV +1)
((You are camouflaged when in or above water. (Stealth+)))
You have tentacles for arms and can constrict up to eight enemies at once.


Message History

The orc wizard points at you and mumbles some strange words.
The magic dart hits you.
You hit the orc wizard.
The orc wizard is almost dead.
You barely miss something. You constrict the orc wizard.
You kill the orc wizard!
Trog accepts your kill.
Trog appreciates your killing of a magic user.
You hit something but do no damage. Your squeeze misses something.
Something hits you.
* * * LOW HITPOINT WARNING * * *
You miss something. Your squeeze misses something. You slash the orc wizard!
You kill the orc wizard!
Trog accepts your kill.
Trog appreciates your killing of a magic user.
You hit something. Something hits you.
* * * LOW HITPOINT WARNING * * *
You hit the orc but do no damage. You drain the orc. You grab the orc.
You squeeze the orc, but do no damage.
The orc is severely wounded.
You closely miss something.
You constrict the orc, but do no damage.
Something hits you.
* * * LOW HITPOINT WARNING * * *
The orc misses you.
You hit the orc but do no damage.
The orc is severely wounded.
You miss something.
You constrict the orc, but do no damage.
Something hits you.
* * * LOW HITPOINT WARNING * * *
The orc barely misses you.
You closely miss something. You hit the orc but do no damage.
You drain the orc.
You kill the orc!
Trog accepts your kill. Something barely misses you.
You hit something but do no damage. You squeeze something! Something hits you.
You die...

≈≈§≈≈≈≈.♣ ..≈≈≈.§≈♣ #
.≈§§§≈§§♣ # .≈._.≈.§♣
###
.≈...≈.§♣.############..
..≈≈≈..≈♣...(......##..#
≈§≈≈≈≈≈)♣###............
......{@♣# #.......###(#
♣♣♣♣♣♣♣♣.# #.......# #.#
.######...###.......#
#.#
...........#####.#.##
#.# ######.##..# #.#.#
#.. #..##.# #...# #..
##.##.# #...# #.. #..#.#
#...# #..
##...####.#.####..


There were no monsters in sight!

Vanquished Creatures
  A crimson imp (D:3)
  2 orc wizards (D:3)
  2 adders (D:2)
  An adder skeleton (D:2)
  3 worms
  2 orcs (D:3)
  5 endoplasms
  6 goblins
  6 hobgoblins
  7 jackals (D:1)
  2 quokkas (D:1)
  6 ball pythons
  9 bats
  A frilled lizard (D:3)
  2 goblin skeletons (D:3)
  A goblin zombie (D:3)
  4 hobgoblin zombies (D:3)
  7 kobolds
  A kobold skeleton (D:3)
  2 orc skeletons (D:3)
  2 rats
72 creatures vanquished.

Notes
Turn   | Place    | Note
-------+----------+-------------------------------------------
     0 | D:1      | firemarshallily the Octopode Berserker began the quest for
                  | the Orb.
     0 | D:1      | Reached XP level 1. HP: 16/16 MP: 1/1
    49 | D:1      | Reached XP level 2. HP: 11/21 MP: 2/2
   365 | D:1      | Reached XP level 3. HP: 19/26 MP: 3/3
   724 | D:1      | Reached ** piety under Trog
  1374 | D:2      | Reached XP level 4. HP: 26/33 MP: 4/4
  1772 | D:2      | Reached skill level 1 in Invocations
  2391 | D:3      | Found a glowing golden altar of the Shining One.
  2400 | D:3      | Reached XP level 5. HP: 34/37 MP: 4/6
  2552 | D:3      | Found a broken altar of Ashenzari.
  2571 | D:3      | Slain by an orc wizard

Illustrated notes

Levels and vault maps discovered:
D:1:      matt_arrival_diagonals, layout_rooms
D:2:      layout_loops_ring, serial_glass, glass_columns_a, glass_columns_b,
          glass_columns_a, lemuel_old_faithful
D:3:      layout_rooms, mainiacjoe_overflow_paths, nicolae_tso_besieged_by_evil,
          serial_park_tiny_2, serial_bayou_ford_a, kennysheep_generic_room_8

Skill      XL: |  1  2  3  4 |
---------------+-------------+-----
Invocations    | 1 |  1.7
Fighting       | 4 |  4.3
Axes           | 4 |  4.2
Dodging        | |  3.7

Action                   |  1- 3 |  4- 6 || total
-------------------------+-------+-------++-------
Melee: Hand axe          |    83 |    67 ||   150
       Constrict         |    20 |    26 ||    46
       Tentacles         |    12 |    11 ||    23
       Punch             |     2 |     2 ||     4
Invok: Berserk           |     1 |       ||     1
  Use: Scroll            |       |     4 ||     4
 Stab: Sleeping          |     7 |     3 ||    10
Armor: Skin              |    10 |     6 ||    16
Dodge: Dodged            |    63 |    31 ||    94
